 Dungeon Crawl Stone Soup version 0.25-b1-29-g4cfa5c7bda (webtiles) character file.

Game seed: 806421211973818717, levelgen mode: deterministic

53832 Chiseanne the Cultivator (level 14, -1/99 HPs)
             Began as an Octopode Assassin on June 3, 2020.
             Was a Believer of Fedhas.
             Slain by a five-headed hydra (16 damage)
             ... on level 4 of the Lair of Beasts.
             The game lasted 01:55:21 (26932 turns).

Chiseanne the Cultivator (Octopode Assassin)       Turns: 26932, Time: 01:55:21

Health: -1/99      AC:  3    Str: 11    XL:     14   Next: 70%
Magic:  22/25      EV: 20    Int: 27    God:    Fedhas [**....]
Gold:   898        SH: 12    Dex: 14    Spells: 12/28 levels left

rFire    + . .     SeeInvis +   f - +4 scimitar (flame)
rCold    + + .     Gourm    .   r - +1 buckler
rNeg     + + .     Faith    .   T - +2 hat of Gozag's Whim {rElec MP-9 Int+9 SInv}
rPois    .         Spirit   .   X - amulet of reflection
rElec    +         Reflect  +   l - ring of resist corrosion
rCorr    +         Harm     .   M - ring "Ugudiv" {rF+ rC+ Int+5}
MR       ++...                  e - ring of stealth
Stlth    +++++++...             E - ring of Imusin {+Inv rN+ MR+ Dex-4}
HPRegen  0.26/turn              N - ring of magical power
MPRegen  0.19/turn              F - ring of Subopah {rC+ SInv}
                                b - ring of positive energy
                                (no ring)

@: no status effects
A: almost no armour, stealthy swim, amphibious, 8 rings, constrict 8, camouflage
1, gelatinous body 1
a: Wall of Briars, Renounce Religion, Evoke Invisibility


You were on level 4 of the Lair of Beasts.
You worshipped Fedhas.
Fedhas was pleased with you.
You were not hungry.

You visited 3 branches of the dungeon, and saw 20 of its levels.
You also visited: Bailey and Gauntlet.

You collected 1829 gold pieces.
You spent 931 gold pieces at shops.

Inventory:

Hand Weapons
 a - a +5 dagger of electrocution
 d - the +7 scimitar "Sarcophage" {protect, rElec MR++ Int-4 Dex+3}
   (You found it on level 8 of the Dungeon)

   It grants its wielder temporary protection when it strikes (+7 to AC).
   It affects your intelligence (-4).
   It affects your dexterity (+3).
   It insulates you from electricity.
   It affects your resistance to hostile enchantments.
 f - a +4 scimitar of flaming (weapon)
 q - a +4 trident of protection
 s - a +2 dagger of venom
Missiles
 h - 9 throwing nets (quivered) {!*}
 k - a curare-tipped dart
 v - 2 boomerangs of dispersal
 C - 15 boomerangs
 K - 11 javelins
 O - 7 silver boomerangs
 S - 6 atropa-tipped darts
Armour
 j - a +0 tower shield of fire resistance
 r - a +1 buckler (worn)
 I - a +0 kite shield
 T - the +2 hat of Gozag's Whim (worn) {rElec MP-9 Int+9 SInv}
   (You found it in a bailey)

   It affects your intelligence (+9).
   It insulates you from electricity.
   It affects your magic capacity (-9).
   It lets you see invisible.
Magical Staves
 y - an uncursed staff of wizardry
 J - an uncursed staff of energy
Jewellery
 b - a ring of positive energy (on tentacle)
 e - a ring of stealth (on tentacle)
 l - a ring of resist corrosion (left tentacle)
 E - the ring of Imusin (on tentacle) {+Inv rN+ MR+ Dex-4}
   (You took it off an orc on level 8 of the Dungeon)

   [ring of dexterity]

   It affects your dexterity (-4).
   It protects you from negative energy.
   It affects your resistance to hostile enchantments.
   It lets you turn invisible.
 F - the ring of Subopah (on tentacle) {rC+ SInv}
   (You found it on level 1 of the Lair of Beasts)

   [ring of see invisible]

   It protects you from cold.
   It lets you see invisible.
 M - the ring "Ugudiv" (right tentacle) {rF+ rC+ Int+5}
   (You acquired it on level 9 of the Dungeon)

   [ring of protection from cold]

   It affects your intelligence (+5).
   It protects you from fire.
   It protects you from cold.
 N - a ring of magical power (on tentacle)
 X - an amulet of reflection (around mantle)
Wands
 i - a wand of flame (30)
 o - a wand of disintegration (8)
 t - a wand of digging (9)
 x - a wand of clouds (2)
 H - a wand of polymorph (7)
 V - a wand of acid (8)
Scrolls
 g - 4 scrolls of amnesia
 m - 6 scrolls of teleportation
 p - 4 scrolls of remove curse
 w - 3 scrolls of identify
 Q - 2 scrolls of holy word
 W - a scroll of fog
Potions
 n - 4 potions of cancellation
 u - 5 potions of ambrosia
 z - a potion of resistance
 A - 3 potions of brilliance
 B - 4 potions of mutation
 D - 2 potions of flight
 P - 2 potions of lignification
 U - a potion of might
 Y - a potion of berserk rage
 Z - a potion of curing
Miscellaneous
 L - a phial of floods
 R - a lightning rod (4/4)
Comestibles
 G - 32 rations


   Skills:
 - Level 10.1 Fighting
 - Level 2.0 Short Blades
 - Level 2.0 Throwing
 * Level 10.9 Dodging
 - Level 11.0 Stealth
 * Level 8.7 Shields
 * Level 7.5 Spellcasting
 - Level 7.3 Hexes
 * Level 4.4 Necromancy
 - Level 6.2 Translocations
 * Level 5.1 Earth Magic
 * Level 11.5 Invocations


You had 12 spell levels left.
You knew the following spells:

 Your Spells              Type           Power        Failure   Level  Hunger
a - Ensorcelled Hibernat  Hex/Ice        ####..       1%          2    None
b - Cause Fear            Hex            #####.....   2%          4    ##.....
c - Leda's Liquefaction   Hex/Erth       #####.....   4%          4    ##.....
d - Borgnjor's Vile Clut  Necr/Erth      #####.....   22%         5    ####...
e - Apportation           Tloc           #####.       1%          1    None

Your spell library contained the following spells:

 Spells                   Type           Power        Failure   Level  Hunger
 Animate Skeleton         Necr           N/A          1%          1    None
 Corona                   Hex            #####..      1%          1    None
 Slow                     Hex            #####...     1%          2    None
 Confusing Touch          Hex            #####...     1%          3    None
 Lesser Beckoning         Tloc           #####.....   1%          3    None
 Portal Projectile        Hex/Tloc       #####.       1%          3    None
 Tukima's Dance           Hex            #####...     1%          3    None
 Dazzling Flash           Conj/Hex       ####..       3%          3    None
 Inner Flame              Hex/Fire       ####....     3%          3    None
 Summon Guardian Golem    Hex/Summ       ####....     3%          3    None
 Recall                   Summ/Tloc      N/A          4%          3    None
 Magic Dart               Conj           ##..         5%          1    None
 Summon Butterflies       Summ           ##......     5%          1    None
 Summon Small Mammal      Summ           ##..         5%          1    None
 Call Imp                 Summ           ##......     9%          2    None
 Searing Ray              Conj           ##....       9%          2    None
 Animate Dead             Necr           N/A          9%          4    ##.....
 Fulminant Prism          Conj/Hex       ####......   12%         4    ##.....
 Iskenderun's Mystic Bla  Conj/Tloc      ####....     16%         4    ##.....
 Call Canine Familiar     Summ           ##......     17%         3    None
 Invisibility             Hex            #####...     38%         6    ######.
 Summon Ice Beast         Ice/Summ       ##......     50%         4    ##.....
 Summon Lightning Spire   Summ/Air       ##......     50%         4    ##.....
 Death Channel            Necr           ####......   80%         6    ######.
 Alistair's Intoxication  Tmut/Pois      ##......     83%         5    ####...
 Simulacrum               Ice/Necr       ###.......   98%         6    ######.


Dungeon Overview and Level Annotations

Branches:
Dungeon (14/15)            Temple (0/1) D:4            Lair (4/6) D:10
 Spider (0/4) Lair:3          Orc (2/2) D:9             Elf (0/3) Orc:2
 Vaults (0/5) D:13         Bailey (visited)         Gauntlet (visited)
  Swamp: Lair:2-4    Shoals: Lair:2-4

Altars:
Cheibriados
Elyvilon
Fedhas
Kikubaaqudgha
Vehumet
Yredelemnul
Zin
The Shining One

Shops:
D:6 *   D:13 *   Orc:2 =[(%

Portals:
Trove: D:10 (give +6 demon whip)

Annotations:
D:2 exclusion: door
Orc:2 exclusion: 2 upstairs


Innate Abilities, Weirdness & Mutations

You cannot wear most types of armour.
You are very stealthy in the water. (Stealth+)
You are amphibious.
You can wear up to eight rings at the same time.
You can use your tentacles to constrict eight enemies at once.
Your skin changes colour to match your surroundings (Stealth+).
Your rubbery body absorbs attacks. (AC +1, EV +1)


Message History

The five-headed hydra barely misses you.
Okay, then.
Okay, then.
A briar patch grows up from the ground. x2; You feel slightly more hungry.
You can no longer grow a ballistomycete.
The five-headed hydra bites you but does no damage.
The five-headed hydra closely misses you.
The five-headed hydra bites you.
* * * LOW HITPOINT WARNING * * *
You block the five-headed hydra's attack.
The five-headed hydra bites you!
* * * LOW HITPOINT WARNING * * *
You walk carefully through the plants.
The five-headed hydra bites you.
* * * LOW HITPOINT WARNING * * *
You block the five-headed hydra's attack.
The five-headed hydra closely misses you.
The five-headed hydra completely misses you.
The five-headed hydra bites you!
You die...
Fedhas appreciates your contribution to the ecosystem.

##.###..# ♣♣♣ #........
♣♣.♣## #........
♣♣.♣≈...## ####........
♣..D≈....#
##...........
♣...≈≈≈♣.##
#......#..###
♣..≈≈≈≈♣D#####.....#..#
#
♣§♣≈≈≈≈♣D#.###....#####
# ♣ §§
♣≈≈≈≈♣@P..###...# # ♣♣
§ ♣≈≈≈≈♣....##...## ##
.♣♣♣ ♣♣≈≈≈♣....##...#
#. ...♣♣♣♣
♣♣♣♣♣.....##..# ##
......♣ ♣.......###..##
## ....... ........#
#...# #P .......
.........# #..##### ##
.......
.........###..##.P# ##
..>....
...........##......###.


You could see 2 five-headed hydras.

Vanquished Creatures
  Rupert (D:12)
  3 hydras
  2 vault guards
  A centaur warrior (D:13)
  5 two-headed ogres
  4 death yaks (Lair:4)
  4 orc high priests
  Urug (D:11)
  Nergalle (Lair:2)
  A skeletal warrior (D:12)
  An unseen horror (D:12)
  5 orc knights
  A phantasmal warrior (D:12)
  An ugly thing (D:12)
  An elephant (Lair:3)
  5 orc sorcerers (Orc:2)
  A centaur zombie (D:11)
  Maurice (D:11)
  A black mamba (Lair:1)
  Joseph (D:7)
  Maggie (D:6)
  A gargoyle (D:11)
  A spiny frog (Lair:3)
  3 komodo dragons
  A freezing wraith (D:12)
  An efreet (D:13)
  3 jumping spiders (Lair:3)
  7 trolls
  2 hornets
  Grinder (D:6)
  A polar bear (Lair:4)
  4 hippogriffs
  4 blink frogs (Lair:3)
  3 slime creatures (D:14)
  2 wraiths
  A wyvern (shapeshifter) (D:13)
  3 redbacks (Lair:3)
  2 shadows
  37 yaks
  4 basilisks
  11 humans (D:13)
  2 hungry ghosts
  A warg (Orc:2)
  Menkaure (D:5)
  2 soldier ants
  An acid dragon (D:13)
  9 water moccasins
  3 porcupines
  A floating eye (shapeshifter) (D:13)
  3 ice beasts
  20 orc warriors
  3 sky beasts
  2 black bears (D:12)
  2 necrophages
  7 ogres
  An eye of draining (D:11)
  3 phantoms
  13 wolves
  9 crocodiles
  3 centaurs
  7 big kobolds
  20 bullfrogs
  9 gnoll sergeants
  A scorpion (D:8)
  9 wights
  9 killer bees
  3 howler monkeys
  7 crimson imps
  2 bullfrog zombies
  3 jellies
  12 orc priests
  10 hounds
  2 bullfrog skeletons
  6 gnoll shamans (Bailey)
  26 orc wizards
  3 iguanas
  12 worker ants
  A killer bee zombie (D:8)
  26 gnolls
  11 adders
  7 shadow imps
  2 adder skeletons
  3 worms
  A dart slug (D:2)
  A leopard gecko (D:1)
  60 orcs
  4 ball pythons
  7 bats
  5 giant cockroaches
  8 hobgoblins
  7 jackals
  3 quokkas (D:6)
  6 frilled lizards
  14 goblins
  35 kobolds
  A quokka zombie (D:5)
  12 rats
  2 ballistomycete spores
577 creatures vanquished.

Vanquished Creatures (collateral kills)
  A death yak (Lair:4)
  A death knight (D:12)
  An ugly thing (D:13)
  4 elephants (Lair:3)
  2 efreet
  A freezing wraith (D:12)
  3 yaks (Lair:4)
  A warg (Orc:1)
  An acid dragon (D:13)
  3 orc warriors
  A centaur (D:9)
  A howler monkey (D:12)
  A crimson imp (D:12)
  A hound (D:13)
  2 bullfrog zombies
  2 gnolls
  8 orcs
  25 ballistomycete spores
59 creatures vanquished.

Vanquished Creatures (others)
  3 ballistomycete spores
  2 demonic plants (Gauntlet)
  4 fungi
  7 plants
  5 toadstools (D:1)
21 creatures vanquished.

Grand Total: 657 creatures vanquished

Notes
Turn   | Place    | Note
-------+----------+-------------------------------------------
     0 | D:1      | Chiseanne the Octopode Assassin began the quest for the
                  | Orb.
     0 | D:1      | Reached XP level 1. HP: 14/14 MP: 1/1
     6 | D:1      | Noticed a salamander
     6 | D:1      | Noticed a polar bear
     6 | D:1      | Noticed an iguana
   179 | D:2      | Reached XP level 2. HP: 19/19 MP: 2/2
   311 | D:2      | Found a blossoming altar of Fedhas.
   329 | D:2      | Became a worshipper of Fedhas Madash
   428 | D:2      | Found a white marble altar of Elyvilon.
   430 | D:2      | Found a glowing golden altar of the Shining One.
   432 | D:2      | Reached XP level 3. HP: 25/25 MP: 3/3
   436 | D:2      | Found a glowing silver altar of Zin.
   630 | D:2      | Reached skill level 1 in Invocations
   823 | D:2      | Found a basalt altar of Yredelemnul.
   963 | D:3      | Reached * piety under Fedhas
  1055 | D:3      | Reached XP level 4. HP: 10/30 MP: 3/5
  1403 | D:2      | You fall into a shaft and drop 2 floors!
  1770 | D:3      | Reached XP level 5. HP: 36/36 MP: 6/6
  2016 | D:4      | Found a staircase to the Ecumenical Temple.
  2252 | D:4      | Reached ** piety under Fedhas
  2396 | D:5      | Entered Level 5 of the Dungeon
  2450 | D:5      | Noticed Menkaure
  2464 | D:5      | Killed Menkaure
  2464 | D:5      | Reached XP level 6. HP: 34/43 MP: 6/8
  2485 | D:5      | Found a radiant altar of Vehumet.
  2844 | D:5      | Reached XP level 7. HP: 48/48 MP: 9/9
  2907 | D:6      | Reached skill level 1 in Shields
  3520 | D:6      | Reached XP level 8. HP: 13/54 MP: 11/11
  4097 | D:6      | Noticed Grinder
  4101 | D:6      | Killed Grinder
  4141 | D:6      | Reached skill level 5 in Fighting
  4150 | D:6      | Found Seihaukaps's Assorted Antiques.
  4265 | D:6      | Noticed Maggie
  4284 | D:6      | Killed Maggie
  4284 | D:6      | Reached skill level 5 in Dodging
  4284 | D:6      | Reached skill level 5 in Invocations
  4288 | D:6      | Reached XP level 9. HP: 13/61 MP: 12/12
  4560 | D:6      | Bought a silver wand for 128 gold pieces
  4560 | D:6      | Bought a green potion for 28 gold pieces
  4560 | D:6      | Bought a scroll labeled AXKATI TEIMIL for 32 gold pieces
  4915 | D:7      | Found a glowing silver altar of Zin.
  5227 | D:6      | Bought a scroll labeled FUAWEA WAFOCS for 32 gold pieces
  5244 | D:7      | Noticed Joseph
  5254 | D:7      | Killed Joseph
  5332 | D:7      | Found a snail-covered altar of Cheibriados.
  6103 | D:8      | Noticed a troll
  6108 | D:8      | Killed a troll
  6108 | D:8      | Reached skill level 10 in Stealth
  6112 | D:8      | Found a snail-covered altar of Cheibriados.
  6113 | D:8      | Found a basalt altar of Yredelemnul.
  6116 | D:8      | Found a glowing golden altar of the Shining One.
  6116 | D:8      | Found a radiant altar of Vehumet.
  6144 | D:8      | Reached *** piety under Fedhas
  6159 | D:8      | Reached skill level 5 in Shields
  6394 | D:8      | Reached XP level 10. HP: 62/69 MP: 14/14
  6992 | D:8      | Identified the cursed ring of Imusin {+Inv rN+ MR+ Dex-4}
  7092 | D:8      | Got an iridescent scimitar
  7347 | D:8      | Identified the +7 scimitar "Sarcophage" {protect, rElec
                  | MR++ Int-4 Dex+3} (You found it on level 8 of the Dungeon)
  7614 | D:8      | Reached **** piety under Fedhas
  8191 | D:9      | Found a staircase to the Orcish Mines.
  8339 | D:9      | Learned a level 1 spell: Apportation
  8342 | D:9      | Learned a level 2 spell: Ensorcelled Hibernation
  8372 | D:9      | Reached skill level 1 in Spellcasting
  8372 | D:9      | Reached skill level 1 in Hexes
  8372 | D:9      | Reached skill level 1 in Translocations
  9195 | D:9      | Identified 2 scrolls of acquirement
  9204 | D:9      | Got the ring "Ugudiv" {rF+ rC+ Int+5}
  9411 | Orc:1    | Entered Level 1 of the Orcish Mines
  9412 | Orc:1    | Noticed an orc knight
  9446 | D:10     | Entered Level 10 of the Dungeon
  9556 | D:10     | Reached XP level 11. HP: 62/76 MP: 16/16
  9589 | D:10     | Found a staircase to the Lair.
 10064 | D:10     | Noticed a vault guard
 10076 | D:10     | Killed a vault guard
 10081 | D:10     | Found a portal to a secret trove of treasure.
 10495 | D:11     | Reached ***** piety under Fedhas
 10792 | D:11     | Noticed Maurice
 10802 | D:11     | Killed Maurice
 11194 | D:11     | Noticed Urug
 11198 | D:11     | Killed Urug
 11464 | D:12     | Noticed a six-headed hydra
 11469 | D:12     | Noticed a two-headed ogre
 11481 | D:12     | Noticed a death knight
 11481 | D:12     | Noticed a phantasmal warrior
 11484 | D:12     | Noticed an unseen horror
 11498 | D:13     | Noticed a centaur warrior
 11520 | D:13     | Killed a centaur warrior
 11521 | D:13     | Paralysed by a floating eye for 2 turns
 11785 | D:13     | Noticed a cyan ugly thing
 11795 | D:13     | Killed a cyan ugly thing
 11806 | D:13     | Found an ancient bone altar of Kikubaaqudgha.
 11846 | D:13     | Noticed a vault guard
 11858 | D:13     | Noticed a two-headed ogre
 11860 | D:13     | Killed a two-headed ogre
 11874 | D:13     | Reached XP level 12. HP: 84/84 MP: 18/18
 11876 | D:13     | Chiseanne: hey :)
 11953 | D:12     | MordorOrchid: hi
 11958 | D:12     | Found a flagged portal.
 11967 | Bailey   | Entered a bailey
 12064 | Bailey   | HP: 1/84 [gnoll sergeant/+0 glaive (12)]
 12512 | Bailey   | Chiseanne: lol
 12759 | Bailey   | Got a translucent rapier
 12855 | Bailey   | Got a polished hat
 12905 | Bailey   | Identified the +2 hat of Gozag's Whim {rElec MP-9 Int+9
                  | SInv} (You found it in a bailey)
 12911 | Bailey   | Learned a level 4 spell: Cause Fear
 12916 | Bailey   | Learned a level 4 spell: Leda's Liquefaction
 12960 | D:12     | Killed a death knight
 12964 | D:12     | Reached skill level 5 in Hexes
 13061 | D:12     | Reached skill level 5 in Translocations
 13355 | D:13     | Killed a vault guard
 13559 | D:13     | Found Uppyttecy's Mass Market.
 13572 | D:13     | Bought a +2 tower shield for 198 gold pieces
 13708 | D:13     | Reached skill level 5 in Spellcasting
 13955 | D:12     | Killed a six-headed hydra
 14022 | D:12     | Noticed Rupert
 14034 | D:12     | Killed Rupert
 14034 | D:12     | Reached XP level 13. HP: 32/91 MP: 10/21
 14244 | D:12     | Reached skill level 10 in Invocations
 15114 | D:13     | Reached skill level 1 in Earth Magic
 15143 | D:13     | Found a gate to the Vaults.
 15238 | D:14     | Found a gate leading to a gauntlet.
 15263 | Gauntlet | Entered a Gauntlet
 15263 | Gauntlet | Found a transporter.
 15263 | Gauntlet | Found a transporter.
 15265 | Gauntlet | Found a transporter.
 15267 | Gauntlet | Found a transporter.
 15282 | Gauntlet | Identified the +3 rapier of Fragile Peace {vorpal, Fragile
                  | Int+3 Dex+5} (You found it in a bailey)
 15289 | Gauntlet | Found a transporter.
 15291 | Gauntlet | Found a transporter.
 15302 | Gauntlet | Found a transporter.
 15388 | Gauntlet | Found a transporter.
 15392 | Gauntlet | Found a transporter.
 15399 | Gauntlet | Noticed a balrug
 15402 | Gauntlet | Found a transporter.
 15406 | Gauntlet | Found a transporter.
 15415 | Gauntlet | Noticed a dire elephant
 15416 | Gauntlet | Found a transporter.
 16017 | D:9      | Reached skill level 10 in Fighting
 16968 | Orc:2    | Entered Level 2 of the Orcish Mines
 16968 | Orc:2    | Found a staircase to the Elven Halls.
 18088 | Orc:2    | Learned a level 5 spell: Borgnjor's Vile Clutch
 18433 | Orc:2    | Reached skill level 10 in Dodging
 18636 | Orc:2    | Reached skill level 1 in Necromancy
 21213 | Orc:2    | Found Dupofez's Food Emporium.
 21483 | Orc:2    | Found Ifaira's Weapon Shop.
 21488 | Orc:2    | Found Suoruapnoi's Antique Armour Shop.
 21490 | Orc:2    | Found Semouxt's Jewellery Emporium.
 21500 | Orc:2    | Bought a shiny tower shield for 195 gold pieces
 21523 | Orc:2    | Bought an uncursed ring of magical power for 220 gold
                  | pieces
 21523 | Orc:2    | Bought a cursed ring of teleportation for 49 gold pieces
 21523 | Orc:2    | Bought a cursed ring of attention for 49 gold pieces
 21754 | D:10     | Reached XP level 14. HP: 98/99 MP: 24/24
 21767 | Lair:1   | Entered Level 1 of the Lair of Beasts
 22507 | Lair:1   | Got a warped pewter ring
 23353 | Lair:1   | Identified the ring of Subopah {rC+ SInv} (You found it on
                  | level 1 of the Lair of Beasts)
 23392 | Lair:2   | Noticed Nergalle
 23403 | Lair:2   | Killed Nergalle
 24536 | Lair:3   | Found a hole to the Spider Nest.
 26391 | Lair:4   | Reached skill level 5 in Earth Magic
 26932 | Lair:4   | Slain by a five-headed hydra

Illustrated notes

Levels and vault maps discovered:
D:1:      onia_arrival_zoo_common, layout_basic, minmay_gold_behind_fungi
D:2:      layout_basic, good_gods_mini_temple,
          yredelemnul_forgotten_temple_becter, fedhas_altar_3,
          minmay_quadrilaterals
D:3:      layout_rooms, dk_vineyard_2, minmay_circle_x
D:4:      corexii_shack_village, layout_gridville, minmay_temple_entry_ruins
D:5:      minmay_bubble_buster, layout_basic, vehumet_altar_wand_db,
          first_ration, uniq_menkaure
D:6:      layout_loops_corners, serial_shops, shop, uniq_maggie, uniq_grinder
D:7:      layout_loops_ring, cheibrodos_worm_habitat, basic_altar, uniq_joseph
D:8:      minmay_the_grid_octo_triangle [minmay_the_grid_octo_empty,
          minmay_the_grid_octo_prize_square_snowflake,
          minmay_the_grid_octo_shrine], layout_loops_ring,
          hangedman_pestilent_swarm, roderic_serpentine_path
D:9:      layout_basic, david_orc_2, dk_noncrumbling_3
D:10:     layout_loops_ring, lair_entry_dummy, enter_trove_5, grunt_ministairs_4
D:11:     layout_grid_maze, minivault_23, uniq_maurice, uniq_urug
D:12:     layout_gridville, lightli_bailey_entry_fortress, uniq_rupert
D:13:     layout_long_grid, ximxim_vaults_locker_room, basic_altar,
          minmay_shop_mass
D:14:     minmay_shrinking_squares, layout_irregular_city,
          gauntlet_entry_generic, minivault_24, kennysheep_another_room
Lair:1:   layout_cave_pods
Lair:2:   layout_hall_layers, grunt_megastairs_2, infiniplex_staircase_pool_2,
          uniq_nergalle
Lair:3:   layout_regular_city, nicolae_spider_entry_tight_spaces,
          columned_hall_lemuel, serial_bayou_shore_b
Lair:4:   layout_gridlike, palyth_hydra_swamp_entry
Orc:1:    layout_caves
Orc:2:    st_orc_elflike, layout_diamond_mine

Skill      XL: |  1  2  3  4  5  6  7  8  9 10 11 12 13 14 |
---------------+-------------------------------------------+-----
Invocations    | 1 2 3 4 5 6 7 9 10 11 | 11.5
Dodging        | 2 3 4 5 6 7 8 9 10 | 10.9
Stealth        | 6 7 8 9 10 11 | 11.0
Fighting       | 3 4 5 6 7 8 9 10 | 10.1
Shields        | 2 3 5 6 7 8 |  8.7
Spellcasting   | 2 4 5 6 7 |  7.5
Hexes          | 2 4 6 7 |  7.3
Translocations | 2 4 5 6 |  6.2
Earth Magic    | 3 5 |  5.1
Necromancy     | 2 4 |  4.4
Short Blades   | |  2.0
Throwing       | |  2.0

Action                   |  1- 3 |  4- 6 |  7- 9 | 10-12 | 13-15 || total
-------------------------+-------+-------+-------+-------+-------++-------
Melee: Dagger            |    59 |    79 |   179 |   455 |   366 ||  1138
       Constrict         |    12 |    17 |    49 |   113 |    88 ||   279
       Tentacles         |     8 |    10 |    50 |   145 |   171 ||   384
       Morningstar       |       |       |    39 |    14 |       ||    53
       Scimitar          |       |       |       |    86 |   264 ||   350
Throw: Dart              |     9 |    25 |    15 |   131 |   126 ||   306
       Stone             |       |       |       |       |     8 ||     8
 Cast: Ensorcelled Hiber |       |       |       |    13 |    21 ||    34
       Leda's Liquefacti |       |       |       |       |     8 ||     8
       Cause Fear        |       |       |       |       |     2 ||     2
       Borgnjor's Vile C |       |       |       |       |     8 ||     8
Invok: Overgrow          |       |       |       |     5 |     4 ||     9
       Grow Ballistomyce |       |       |       |     1 |     7 ||     8
       Grow Oklob        |       |       |       |     2 |       ||     2
       Wall of Briars    |       |       |       |     2 |     4 ||     6
Evoke: Wand              |       |       |     5 |    11 |    12 ||    28
       Phial of floods   |       |       |       |     1 |       ||     1
       Lightning rod     |       |       |       |     4 |     1 ||     5
  Use: Scroll            |     3 |     5 |     9 |    10 |     7 ||    34
       Potion            |     1 |     2 |     3 |     3 |     3 ||    12
 Stab: Sleeping          |    13 |    16 |    16 |    45 |    31 ||   121
       Distracted        |     1 |     1 |     1 |     3 |     5 ||    11
       Paralysed         |       |       |       |     4 |       ||     4
       Confused          |       |       |       |     2 |     1 ||     3
       Invisible         |       |       |       |     1 |       ||     1
  Eat: Chunk             |       |     6 |    11 |    27 |    33 ||    77
       Ration            |       |       |       |       |     4 ||     4
Armor: Skin              |     4 |     1 |     1 |    22 |    43 ||    71
Dodge: Dodged            |    24 |    34 |    82 |   333 |   492 ||   965
Block: Buckler           |       |       |    91 |   300 |   400 ||   791
       Reflection        |       |       |     2 |    22 |     9 ||    33
       Rpst.: Scimitar   |       |       |       |    18 |    89 ||   107
